 Dungeon Crawl Stone Soup version 0.14-a0-1378-gf8e6a88 (webtiles) character file.

805 PolkaDot the Ruinous (level 7, -1/46 HPs)
             Began as a Vampire Conjurer on Dec 8, 2013.
             Slain by Duvessa
             ... wielding a +2,+0 elven short sword
              (3 damage)
             ... on Level 3 of the Dungeon.
             The game lasted 00:23:23 (4413 turns).

PolkaDot the Ruinous (Vampire Conjurer)             Turns: 4413, Time: 00:23:23

HP  -1/46        AC  5     Str  7      XL: 7   Next: 15%
MP  12/12        EV 10     Int 17      God:
Gold 220         SH  0     Dex 14      Spells:  3 memorised,  4 levels left

rFire  . . .     SeeInvis +     m - +1 elf short sword
rCold  . . .     Clarity  +     e - +0 elf leather armour (curse)
rNeg   . . .     Conserve .     (no shield)
rPois  .         rCorr    .     (no helmet)
rElec  .         rRot     .     h - +0 cloak
SustAb + .       Spirit   .     n - +0 pair of gloves (curse)
rMut   .         Warding  .     (no boots)
Saprov . . .     Stasis   .     d - amulet of clarity
                                (no ring)
                                u - ring of sustain abilities

@: regenerating quickly, slightly resistant to hostile enchantments, fairly
stealthy
A: bottle blood, claws 1, fangs 3, see invisible, dopey 1, unbreathing
a: Bottle Blood


You were on level 3 of the Dungeon.
You were very full.

You visited 1 branch of the dungeon, and saw 4 of its levels.

You collected 220 gold pieces.

Inventory:

Hand weapons
 m - a +1,+1 elven short sword (weapon)
Armour
 e - a cursed +0 elven leather armour (worn)
 h - a +0 cloak (worn)
 k - a +2 buckler
 n - a cursed +0 pair of gloves (worn)
Scrolls
 r - a scroll of enchant weapon I
Jewellery
 d - an amulet of clarity (around neck)
 u - a ring of sustain abilities (left hand)
Potions
 q - 4 potions of blood
Books
 c - a book of Conjurations

   Spells                             Type                      Level
   *Magic Dart                        Conjuration                  1
   *Searing Ray                       Conjuration                  2
   Dazzling Spray                     Conjuration/Hexes            3
   *Iskenderun's Mystic Blast         Conjuration                  4
   Iskenderun's Battlesphere          Conjuration/Charms           4
   Fulminant Prism                    Conjuration/Hexes            5


   Skills:
 + Level 3.1 Armour
 - Level 2.1 Dodging
 - Level 3.0 Stealth
 - Level 2.5 Spellcasting
 * Level 5.6 Conjurations


You had 4 spell levels left.
You knew the following spells:

 Your Spells              Type           Power        Failure   Level  Hunger
a - Magic Dart            Conj           ###.         1%          1    #......
d - Iskenderun's Mystic   Conj           ###.....     21%         4    #####..
s - Searing Ray           Conj           ###...       2%          2    ##.....


Dungeon Overview and Level Annotations

Branches:
Dungeon (4/16)
 Temple: D:4-7

Altars:

Annotations:
D:3 Dowan, Duvessa


Innate Abilities, Weirdness & Mutations

Your natural rate of healing is unusually fast.
You can bottle blood from corpses.
You have razor-sharp teeth.*
You have supernaturally acute eyesight.
You can survive without breathing.*
You have sharp fingernails.*
You are dopey. (Int -2)


Message History

Okay, then.
Read which item? (? for menu, Esc to quit)
Okay, then.
Duvessa says, "When magic and the sword combine, nothing stands against them."
Duvessa hits you with an elven short sword!
* * * LOW HITPOINT WARNING * * *
Drink which item? (? for menu, Esc to quit)
You feel better.
Duvessa hits you with an elven short sword.
* * * LOW HITPOINT WARNING * * *
Drink which item? (? for menu, Esc to quit)
Okay, then.
Duvessa hits you but does no damage.
Duvessa hits you with an elven short sword!
* * * LOW HITPOINT WARNING * * *
Drink which item? (? for menu, Esc to quit)
Okay, then.
Duvessa completely misses you.
Duvessa hits you with an elven short sword.
You die...

#.......#............##
##.####.#######..###..##
#...<....#..#..........#
##.......#...#...##...#.
#.#.....#.#..#..##..#..
#....#..#.#...#....#...
####....#.#....#..#....
#.#.##...##..##..##.
###@####.##..##..##. #e#
#....#..#....
#.####...#....#...
#....e..#..##..#..
####.#.#...##...#.
#.##..........#
#....#####..... ######
######


You could see Duvessa.

Vanquished Creatures
  Grinder (D:3)
  An ogre (D:4)
  An orc priest (D:3)
  Crazy Yiuf (D:2)
  A worker ant (D:4)
  Ijyb (D:3)
  Terence (D:1)
  9 adders
  2 giant geckos
  2 oozes
  6 orcs (D:3)
  A ball python (D:3)
  9 goblins
  7 hobgoblins
  5 bats
  4 giant newts
  A giant newt skeleton (D:4)
  8 jackals (D:3)
  8 kobolds
  7 rats
76 creatures vanquished.

Notes
Turn   | Place    | Note
--------------------------------------------------------------
     0 | D:1      | PolkaDot, the Vampire Conjurer, began the quest for the Orb.
     0 | D:1      | Reached XP level 1. HP: 13/13 MP: 3/3
   242 | D:1      | Reached XP level 2. HP: 19/19 MP: 1/4
   637 | D:1      | Learned a level 2 spell: Searing Ray
  1400 | D:2      | Noticed Terence
  1457 | D:2      | Reached XP level 3. HP: 21/24 MP: 6/6
  1689 | D:1      | Killed Terence
  2260 | D:2      | Noticed Crazy Yiuf
  2266 | D:2      | Killed Crazy Yiuf
  2266 | D:2      | Reached skill level 1 in Armour
  2266 | D:2      | Reached skill level 4 in Conjurations
  2266 | D:2      | Reached XP level 4. HP: 20/30 MP: 0/8
  2803 | D:3      | Learned a level 4 spell: Iskenderun's Mystic Blast
  2803 | D:3      | Noticed Grinder
  2825 | D:3      | Paralysed by Grinder for 4 turns
  2833 | D:3      | Killed Grinder
  2833 | D:3      | Reached skill level 5 in Conjurations
  2833 | D:3      | Reached XP level 5. HP: 32/35 MP: 1/9
  2833 | D:3      | Reached XP level 6. HP: 37/41 MP: 1/11
  3403 | D:3      | Gained mutation: You have sharp fingernails. [potion of mutation]
  3403 | D:3      | Gained mutation: You are dopey. (Int -2) [potion of mutation]
  3712 | D:3      | Somebody: I think I might decide to play more carefully in the future, after all.
  3712 | D:3      | PolkaDot: as in
  3712 | D:3      | PolkaDot: no more mutation roullette? :p
  3733 | D:3      | Noticed Ijyb
  3736 | D:3      | Somebody: No, mutation roullette is not going anywhere.
  3738 | D:3      | PolkaDot: xD
  3738 | D:3      | Somebody: Watch my latest TV. :)
  3738 | D:3      | PolkaDot: so, just generally?
  3794 | D:3      | PolkaDot: I like how my healing can *nearly match Ijyb's damage output :)
  3795 | D:3      | Somebody: :)
  3810 | D:3      | Killed Ijyb
  4269 | D:4      | Noticed an ogre
  4276 | D:4      | Killed an ogre
  4276 | D:4      | Reached XP level 7. HP: 40/46 MP: 4/12
  4319 | D:4      | Somebody: Have you ever considered writing a VpCj of Vehu bot?
  4320 | D:4      | PolkaDot: I'd have to learn how to
  4320 | D:4      | PolkaDot: though
  4320 | D:4      | PolkaDot: I do know alittle python
  4320 | D:4      | PolkaDot: so I guess I could learn without too much difficulty :)
  4320 | D:4      | PolkaDot: (relatively speaking)
  4364 | D:4      | Noticed Duvessa
  4369 | D:4      | Noticed Dowan
  4409 | D:3      | HP: 1/46 [Duvessa/elven short sword (7)]
  4413 | D:3      | Slain by Duvessa

Action                   |  1- 3 |  4- 6 |  7- 9 || total
-------------------------+-------+-------+-------++-------
Melee: Unarmed           |     9 |       |       ||     9
       Short sword       |    13 |   127 |     7 ||   147
 Cast: Magic Dart        |    55 |     8 |       ||    63
       Searing Ray       |     6 |    24 |     2 ||    32
 Abil: Bottle Blood      |       |    10 |     1 ||    11
  Use: Potion            |     5 |    11 |     3 ||    19
       Scroll            |       |     2 |     9 ||    11
 Stab: Sleeping          |     1 |     1 |       ||     2
